 Dungeon Sprint DCSS version 0.22.1-6-g1668fe2 (webtiles) character file.

226 doot the Nimble (level 5, -1/45 HPs)
             Began as a Felid Berserker on Jan 24, 2019.
             Was a Believer of Trog.
             Slain by Sonja
             ... wielding a +2 dagger of distortion
              (2 damage)
             ... while paralysed by Sonja
             ... in the Dungeon (Sprint I: "Red Sonja").
             The game lasted 00:01:07 (324 turns).

doot the Nimble (Felid Berserker)                    Turns: 324, Time: 00:01:09

Health: -1/45      AC:  2    Str: 20    XL:     5   Next: 69%
Magic:  6/6        EV:  4    Int:  8    God:    Trog [**....]
Gold:   297        SH:  0    Dex: 16    Spells: 4/4 levels left
                                        Lives:  0   Deaths: 1

rFire    . . .     SeeInvis +     - Unarmed
rCold    . . .     Gourm    .   (shield unavailable)
rNeg     . . .     Faith    .   (armour unavailable)
rPois    .         Spirit   .   (helmet unavailable)
rElec    .         Reflect  .   (cloak unavailable)
rCorr    .         Harm     .   (gloves unavailable)
MR       .....     NoTele   +   (boots unavailable)
Stlth    ..........             (no amulet)
HPRegen  0.15/turn              (no ring)
MPRegen  0.10/turn              (no ring)

@: paralysed, berserking, quick
A: very small, no armour, no weapons or thrown items, stealth, claws 1, fangs 3,
see invisible, carnivore, speed 1, shaggy fur 2, slow metabolism 1, sharp paws
a: Berserk, Trog's Hand, Renounce Religion


You were in the Dungeon.
You worshipped Trog.
Trog was pleased with you.
You were not hungry.

You visited 1 branch You collected 297 gold pieces.

Inventory:

Scrolls
 g - a scroll of blinking
 h - a scroll of identify {unknown}
Potions
 b - a potion of curing
 c - 2 potions of heal wounds
 d - a potion of haste
 e - 2 potions of magic
 f - a potion of berserk rage
Comestibles
 a - a ration


   Skills:
 + Level 8.4 Fighting
 + Level 11.1 Dodging
 + Level 2.5 Stealth
 + Level 9.4 Unarmed Combat


You had 4 spell levels left.
You didn't know any spells.
Your spell library was empty.

Dungeon Overview and Level Annotations

Branches:
Dungeon (1/1)

Altars:
Cheibriados
Dithmenos
Elyvilon
Fedhas
Gozag
Hepliaklqana
Kikubaaqudgha
Nemelex Xobeh
Okawaru
Qazlal
Ru
Sif Muna
Trog
Uskayaw
Vehumet
Wu Jian
Yredelemnul
Zin
The Shining One

Shops:
D [

Annotations:
D Sonja


Innate Abilities, Weirdness & Mutations

You cannot wear armour.
You are incapable of wielding weapons or throwing items.
Your paws allow you to move quietly. (Stealth)
You have sharp claws.
You have razor-sharp teeth.
You have supernaturally acute eyesight. (SInv)
You are carnivorous and can eat meat at any time.
You cover ground quickly.
You are covered in thick fur. (AC +2)
You have a slow metabolism.
Your sharp claws are effective at attacking unaware monsters.


Message History

You see here a curare-tipped needle.
Sonja unwields an uncursed blowgun.
Sonja wields an uncursed dagger of distortion.
Its appearance distorts for a moment.
Sonja hits you with an uncursed dagger of distortion!
Space bends around you.
Sonja hits you with an uncursed dagger of distortion.
Space warps horribly around you!
* * * LOW HITPOINT WARNING * * *
Sonja completely misses you.
Okay, then.
A red film seems to cover your vision as you go berserk!
You feel yourself moving faster!
You feel mighty!
You feel quite a bit more hungry.
Sonja zaps a wand.
You suddenly lose the ability to move!
Sonja zaps a wand.
You shrug off the repeated paralysis!
Sonja hits you with an uncursed dagger of distortion!
* * * LOW HITPOINT WARNING * * *
Space bends around you.
You die...

################
#<.#..)..#.)'..#
#..').#..'..#..+
#..#####'#####'#
#..####..#...#.#
#..#__####..##.#
#..#_____##'#_.+
#⌠⌠#_.∩...K@(._#
####_..__##_(#'#
#_____###'#(#
####### #.###
$.$ #$.$# ##.##
#+#


You could see Sonja.

Vanquished Creatures
  Sigmund (D)
  A yak (D)
  An ogre (D)
  A jelly (D)
  Ijyb (D)
5 creatures vanquished.

Vanquished Creatures (others)
  A gargoyle (D)
1 creature vanquished.

Grand Total: 6 creatures vanquished

Notes
Turn   | Place    | Note
-------+----------+-------------------------------------------
     0 | D        | doot the Felid Berserker began the quest for the Orb.
     0 | D        | Reached XP level 1. HP: 10/10 MP: 2/2
     1 | D        | Noticed Ijyb
     8 | D        | Killed Ijyb
     8 | D        | Reached skill level 5 in Dodging
     8 | D        | Reached XP level 2. HP: 12/15 MP: 3/3
   137 | D        | Noticed an ogre
   140 | D        | Killed an ogre
   140 | D        | Reached skill level 8 in Dodging
   140 | D        | Reached XP level 3. HP: 20/20 MP: 4/4
   140 | D        | Reached XP level 4. HP: 24/24 MP: 5/5
   143 | D        | Killed a gargoyle
   195 | D        | Noticed Sigmund
   206 | D        | Killed Sigmund
   206 | D        | Reached ** piety under Trog
   206 | D        | Reached skill level 9 in Dodging
   206 | D        | Reached XP level 5. HP: 28/28 MP: 6/6
   260 | D        | Found a deep blue altar of Sif Muna.
   261 | D        | Found an ornate altar of the Wu Jian Council.
   262 | D        | Found a radiant altar of Vehumet.
   266 | D        | Reached skill level 10 in Dodging
   266 | D        | Gained mutation: You are covered in thick fur. (AC +2)
                  | [Felid growth]
   266 | D        | Reached XP level 6. HP: 33/33 MP: 7/7
   290 | D        | Found Hysmik Lut's Antique Armour Emporium.
   290 | D        | Found an ancient bone altar of Kikubaaqudgha.
   290 | D        | Found a hazy altar of Hepliaklqana.
   290 | D        | Found a hide-covered altar of Uskayaw.
   290 | D        | Found a basalt altar of Yredelemnul.
   290 | D        | Found an opulent altar of Gozag.
   290 | D        | Found a snail-covered altar of Cheibriados.
   290 | D        | Found a sacrificial altar of Ru.
   290 | D        | Found a shadowy altar of Dithmenos.
   290 | D        | Noticed a yak
   291 | D        | Found a stormy altar of Qazlal.
   291 | D        | Found a blossoming altar of Fedhas.
   291 | D        | Found a bloodstained altar of Trog.
   291 | D        | Found an iron altar of Okawaru.
   291 | D        | Found a glowing golden altar of the Shining One.
   291 | D        | Found a glowing silver altar of Zin.
   291 | D        | Found a white marble altar of Elyvilon.
   292 | D        | Killed a yak
   292 | D        | Reached skill level 11 in Dodging
   293 | D        | Found a sparkling altar of Nemelex Xobeh.
   302 | D        | Noticed Sonja
   306 | D        | Paralysed by Sonja for 6 turns
   309 | D        | Asphyxiated
   310 | D        | Reached XP level 5. HP: -1/30 MP: 6/6
   323 | D        | Paralysed by Sonja for 4 turns
   324 | D        | HP: 1/45 [Sonja/uncursed dagger of distortion (9)]
   324 | D        | Slain by Sonja

Skill      XL: |  1  2  3  4  5  6 |
---------------+-------------------+-----
Fighting       | 4 6 7 8 |  8.4
Dodging        | 5 8 9 10 11 | 11.1
Unarmed Combat | 4 6 8 9 |  9.4
Stealth        | 2 |  2.5

Action                   |  1- 3 |  4- 6 || total
-------------------------+-------+-------++-------
Melee: Unarmed           |     7 |    10 ||    17
       Bite              |     2 |     2 ||     4
Invok: Berserk           |     2 |     2 ||     4
 Stab: Sleeping          |       |     2 ||     2
  Eat: Chunk             |       |     6 ||     6
Dodge: Dodged            |     2 |     4 ||     6
